 Dungeon Crawl Stone Soup version 0.26-a0-812-g31a745ddcd (webtiles) character file.

Game seed: 5008536363182795241

44 kae the Insei (level 3, 0/20 HPs)
             Began as a Tengu Transmuter on Nov 24, 2020.
             Slain by a worm (10 damage)
             ... on level 2 of the Dungeon.
             The game lasted 00:00:56 (2351 turns).

kae the Insei (Tengu Transmuter)                    Turns: 2351, Time: 00:00:57

Health: 0/20       AC:  2    Str: 11    XL:     3   Next: 62%
Magic:  6/7        EV: 13    Int: 13    God:
Gold:   44         SH:  0    Dex: 14    Spells: 2/6 levels left

rFire    . . .     SeeInvis .     - Unarmed
rCold    . . .     Faith    .   (no shield)
rNeg     . . .     Spirit   .   a - +0 robe
rPois    .         Reflect  .   (helmet currently unavailable)
rElec    .         Harm     .   (no cloak)
rCorr    .         Rampage  .   (no gloves)
MR       .....                  (boots unavailable)
Stlth    +.........             (no amulet)
HPRegen  0.06/turn              (no ring)
MPRegen  0.10/turn              (no ring)

@: appendages (expiring)
A: beak, horns 2, talons 3
a: End Transformation


You were on level 2 of the Dungeon.
You had grown temporary horns.
You visited 1 branch of the dungeon, and saw 2 of its levels.

You collected 44 gold pieces.

Inventory:

Armour
 a - a +0 robe (worn)
Scrolls
 b - 4 scrolls of identify {unknown}
 d - a scroll of enchant weapon {unknown}
 e - a scroll of random uselessness {unknown}
 f - 2 scrolls of remove curse {unknown}
Potions
 c - a potion of attraction {unknown}
 g - a potion of lignification {unknown}
 h - a potion of mutation {unknown}


   Skills:
 + Level 1.2 Fighting
 + Level 1.1 Armour
 + Level 2.5 Dodging
 * Level 3.7 Unarmed Combat
 + Level 2.1 Spellcasting
 * Level 2.0 Transmutations
 * Level 0.7 Poison Magic


You had 2 spell levels left.
You knew the following spells:

 Your Spells              Type           Power        Failure   Level
a - Beastly Appendage     Tmut           #.....       11%         1
b - Spider Form           Tmut/Pois      #.........   38%         3

Your spell library contained the following spells:

 Spells                   Type           Power        Failure   Level
 Wereblood                Tmut           #.......     16%         2
 Ice Form                 Ice/Tmut       #.......     86%         4
 Blade Hands              Tmut           #.........   96%         5


Dungeon Overview and Level Annotations

Branches:
Dungeon (2/15)

Altars:
Makhleb
Okawaru
Qazlal
Vehumet
Xom


Innate Abilities, Weirdness & Mutations

You have a beak for a mouth.
You have claws for feet.
You have a pair of horns on your head.


Message History

There are monsters nearby!
The hobgoblin shouts!
Found 14 gold pieces.
Casting: Beastly Appendage (safe; 11% risk of failure)
Confirm with . or Enter, or press ? or * to list all spells.
You extend your transformation's duration.
Your transformation is almost over.
The worm bites you.
You hit the worm. You claw the worm.
You headbutt the worm, but do no damage.
The worm is lightly wounded.
The hobgoblin closely misses you.
You barely miss the worm. You headbutt the worm.
The worm is moderately wounded.
The worm closely misses you. The hobgoblin misses you.
You hit the worm.
The worm is heavily wounded.
The hobgoblin hits you. The worm bites you!
Ouch! That really hurt!
You die...

#.####.#
##......#
#....[#.##
........#
.......#
#####$.....#
#.$..gw....#
#.@....# #......#
##.....#
######..(..#
#...##..†..#
#.#<#####.##
#.#.#####.#
#.#.......#
#######.#########


You could see a worm and a hobgoblin.

Vanquished Creatures
  A leopard gecko (D:1)
  4 bats
  5 giant cockroaches
  6 goblins (D:1)
  8 hobgoblins (D:1)
  2 jackals (D:1)
  4 kobolds (D:1)
  2 frilled lizards (D:1)
  4 rats
36 creatures vanquished.

Notes
Turn   | Place    | Note
-------+----------+-------------------------------------------
     0 | D:1      | kae the Tengu Transmuter began the quest for the Orb.
     0 | D:1      | Reached XP level 1. HP: 12/12 MP: 4/4
   405 | D:1      | Reached XP level 2. HP: 14/16 MP: 4/6
   433 | D:1      | Found a stormy altar of Qazlal.
   435 | D:1      | Found an iron altar of Okawaru.
   435 | D:1      | Found an ornate altar of the Wu Jian Council.
   440 | D:1      | Found a burning altar of Makhleb.
   440 | D:1      | Found a shimmering altar of Xom.
   440 | D:1      | Found a radiant altar of Vehumet.
  1458 | D:1      | Reached XP level 3. HP: 19/20 MP: 7/7
  1463 | D:1      | Learned a level 3 spell: Spider Form
  1860 | D:1      | Reached skill level 1 in Armour
  2351 | D:2      | Slain by a worm

Illustrated notes

Levels and vault maps discovered:
D:1:      shiori_shiawase, layout_basic, doesnt_xom_only_xom
D:2:      layout_basic

Skill      XL: |  1  2  3 |
---------------+----------+-----
Transmutations | 2 |  2.0
Armour         | 1 |  1.1
Fighting       | |  1.2
Dodging        | |  2.5
Unarmed Combat | |  3.7
Spellcasting   | |  2.1
Poison Magic   | |  0.7

Action                   || total
-------------------------++-------
Melee: Unarmed           ||    82
       Kick              ||    17
       Peck              ||     7
       Punch             ||     1
       Headbutt          ||     8
 Cast: Beastly Appendage ||    24
 Stab: Sleeping          ||     1
Armor: Robe              ||    12
Dodge: Dodged            ||    70

Table legend: (Time is in decaauts)
 A = Elapsed time spent in this place.
 B = Non-inter-level travel time spent in this place.
 C = Inter-level travel time spent in this place.
 D = Time resting spent in this place.
 E = Time spent auto-exploring this place.
 F = Levels seen in this place.
 G = Mean time per level.
                   A        B        C        D        E       F      G
               +--------+--------+--------+--------+--------+-----+--------+
         Total |   2345 |   2308 |     37 |      0 |   2009 |   2 | 1172.5 |
       Dungeon |   2345 |   2308 |     37 |      0 |   2009 |   2 | 1172.5 |
               +--------+--------+--------+--------+--------+-----+--------+

Top non-repeatable levels by time:
     D:1: 2038 daAuts
     D:2: 306 daAuts
